 Dungeon Crawl Stone Soup version 0.29-a0-422-gafbd6decc1 (webtiles) character file.

Game seed: 16325615827832397513

168 xian the Covered (level 5, -5/42 HPs)
             Began as a Minotaur Wanderer on May 18, 2022.
             Killed by divine providence
             ... invoked by an orc priest
              (11 damage)
             ... on level 3 of the Dungeon.
             The game lasted 00:10:38 (3162 turns).

xian the Covered (Minotaur Wanderer)                Turns: 3162, Time: 00:10:39

Health: -5/42      AC:  8    Str: 19    XL:     5   Next: 23%
Magic:  0/5        EV:  9    Int: 11    God:
Gold:   103        SH:  0    Dex:  7    Spells: 5/6 levels left

rFire   . . .      SeeInvis .   a - +0 mace
rCold   . . .      Faith    .   (no shield)
rNeg    . . .      Spirit   +   b - +0 scale mail
rPois   +          Reflect  .   (helmet restricted)
rElec   .          Harm     .   (no cloak)
rCorr   .          Rampage  .   h - +0 pair of gloves
Will    .....                   (no boots)
Stlth   ..........              k - amulet of guardian spirit
HPRegen 0.14/turn               i - ring of poison resistance
MPRegen 0.09/turn               (no ring)

@: no status effects
A: horns 2, retaliatory headbutt
a: no special abilities


You were on level 3 of the Dungeon.
You visited 1 branch of the dungeon, and saw 3 of its levels.

You collected 103 gold pieces.

Inventory:

Hand Weapons
 a - a +0 mace (weapon)
 r - a +0 hunting sling
Missiles
 n - 6 boomerangs (quivered)
Armour
 b - a +0 scale mail (worn)
 h - a +0 pair of gloves (worn)
Jewellery
 i - a ring of poison resistance (left hand)
 k - an amulet of guardian spirit (around neck)
Scrolls
 c - 2 scrolls of fog
 d - 2 scrolls of fear {unknown}
 e - a scroll of amnesia {unknown}
 f - 2 scrolls of enchant armour {unknown}
 g - 3 scrolls of teleportation {unknown}
 j - 3 scrolls of identify {unknown}
 l - 2 scrolls of immolation {unknown}
 m - a scroll of noise {unknown}
Potions
 o - a potion of curing {unknown}
 p - a potion of attraction {unknown}
 q - a potion of lignification {unknown}
 s - a potion of ambrosia {unknown}
 t - a potion of mutation {unknown}


   Skills:
 + Level 2.4 Fighting
 + Level 3.2 Maces & Flails
 + Level 1.0 Slings
 + Level 5.1 Armour
 + Level 1.0 Dodging
 + Level 0.1 Stealth
 + Level 1.0 Spellcasting
 + Level 2.5 Translocations
 + Level 1.0 Evocations


You had 5 spell levels left.
You knew the following spells:

 Your Spells              Type           Power      Damage    Failure   Level
a - Apportation           Tloc           12%        N/A       32%         1

Your spell library contained the following spells:

 Spells                   Type           Power      Damage    Failure   Level
 Lesser Beckoning         Tloc           6%         N/A       67%         3
 Iskenderun's Mystic Bla  Conj/Tloc      3%         2d3       99%         4


Dungeon Overview and Level Annotations

Branches:
Dungeon (3/15)

Altars:

Shops:
D:1 ?

Annotations:
D:3 Sigmund


Innate Abilities, Weirdness & Mutations

You have a pair of horns on your head.
You reflexively headbutt those who attack you in melee.


Message History

You closely miss the orc priest. The orc hits you but does no damage.
The orc priest closely misses you. You furiously retaliate!
You headbutt the orc priest. You hit the orc.
The orc is almost dead.
The orc closely misses you.
The orc priest hits you with a +0 flail.
You hit the orc but do no damage.
The orc is almost dead.
The orc priest hits you with a +0 flail.
The orc hits you with a +0 whip.
You hit the orc.
You kill the orc!
The orc priest invokes the aid of Beogh against you.
Beogh smites you!
* * * LOW HITPOINT WARNING * * *
The adder bites you but does no damage.
You closely miss the adder. You headbutt the adder.
The adder is lightly wounded.
The orc priest closely misses you. The adder closely misses you.
The orc priest closely misses you. You furiously retaliate!
You headbutt the orc priest. The adder completely misses you.
The orc priest closely misses you.
The orc priest attacks as you move away!
The orc priest barely misses you. You furiously retaliate!
You headbutt the orc priest, but do no damage.
The adder attacks as you move away! The adder barely misses you.
The orc priest mumbles some strange prayers to Beogh against you.
Beogh smites you!
* * * LOW HITPOINT WARNING * * *
The adder completely misses you.
The orc priest miscasts a cantrip.
The adder attacks as you move away! The adder barely misses you.
You furiously retaliate!
You headbutt the adder. You barely miss the adder. You headbutt the adder.
You kill the adder!
Your Slings skill increases to level 1!
The orc priest mumbles some strange prayers to Beogh against you.
Beogh smites you!
You die...

#...... ..... ##.##....♣♣
......# ..... #..# #..♣♣
...#### #..##)## #♣♣ ..###
##########....#
....###<......##....#
#.#.....###...##..#.#
.......####.#####...#
.#..##..##..######o########
............).##@†........##
##..##......#..............##
##.#####...##..............#
#.####..#.................#
#...##.#####..............#
#........# #..............#
#........# #..............#
#...>....# ##............##
#........# ##..........##


You could see an orc priest.

Vanquished Creatures
  An orc priest (D:2)
  7 adders
  2 worms (D:2)
  3 dart slugs
  6 orcs
  7 ball pythons
  3 endoplasms
  3 giant cockroaches
  5 goblins
  4 hobgoblins
  3 quokkas (D:2)
  2 bats
  4 frilled lizards
  3 kobolds
  7 rats
  A spectral hobgoblin (D:1)
61 creatures vanquished.

Vanquished Creatures (others)
  A quokka (D:3)
1 creature vanquished.

Grand Total: 62 creatures vanquished

Notes
Turn   | Place    | Note
-------+----------+-------------------------------------------
     0 | D:1      | xian the Minotaur Wanderer began the quest for the Orb.
     0 | D:1      | xian set off with the following items: a +0 mace, a +0
                  | scale mail, a scroll of fog; and the following spell
                  | memorised: Apportation; and the following spells available
                  | to memorise: Lesser Beckoning, Iskenderun's Mystic Blast
     0 | D:1      | Reached XP level 1. HP: 16/16 MP: 1/1
   225 | D:1      | Reached XP level 2. HP: 9/23 MP: 2/2
   473 | D:1      | Found Hapes's Magic Scroll Shop.
   493 | D:1      | Reached skill level 4 in Armour
   621 | D:1      | Found a faded altar of an unknown god.
  1571 | D:2      | Reached XP level 3. HP: 24/29 MP: 3/3
  1900 | D:2      | Reached XP level 4. HP: 36/36 MP: 4/4
  2265 | D:2      | Reached skill level 5 in Armour
  2487 | D:3      | Reached skill level 1 in Dodging
  2635 | D:3      | Reached XP level 5. HP: 40/42 MP: 5/5
  2680 | D:3      | Noticed Sigmund
  3161 | D:3      | Reached skill level 1 in Slings
  3162 | D:3      | Killed from afar by an orc priest

Illustrated notes

Levels and vault maps discovered:
D:1:      dpeg_arrival_prison, layout_basic,
          dreamdust_ecumenical_altar_drowned_temple, serial_shops, shop
D:2:      layout_basic
D:3:      layout_rooms, good_gods_temple_1, supply_closet_lemuel, uniq_sigmund,
          uniq_ijyb

Skill      XL: |  1  2  3  4  5 |
---------------+----------------+-----
Armour         | 4 5 |  5.1
Maces & Flails | 2 3 |  3.2
Fighting       | 2 |  2.4
Dodging        | 1 |  1.0
Slings         | 1 |  1.0
Stealth        | |  0.1
Spellcasting   | |  1.0
Translocations | |  2.5
Evocations     | |  1.0

Action                   |  1- 3 |  4- 6 || total
-------------------------+-------+-------++-------
Melee: Mace              |    69 |    85 ||   154
       Headbutt          |     6 |    10 ||    16
 Fire: Hunting sling     |       |    38 ||    38
Throw: Boomerang         |       |     3 ||     3
Armor: Scale mail        |    39 |    62 ||   101
Dodge: Dodged            |    41 |    80 ||   121

Table legend: (Time is in decaauts)
 A = Elapsed time spent in this place.
 B = Non-inter-level travel time spent in this place.
 C = Inter-level travel time spent in this place.
 D = Time resting spent in this place.
 E = Time spent auto-exploring this place.
 F = Levels seen in this place.
 G = Mean time per level.
                   A        B        C        D        E       F      G
               +--------+--------+--------+--------+--------+-----+--------+
         Total |   3241 |   3143 |     98 |     53 |   2302 |   3 | 1080.3 |
       Dungeon |   3241 |   3143 |     98 |     53 |   2302 |   3 | 1080.3 |
               +--------+--------+--------+--------+--------+-----+--------+

Top non-repeatable levels by time:
     D:1: 1555 daAuts
     D:2: 1319 daAuts
     D:3: 367 daAuts
